cohdb
Replays
Latest Replays
All Replays
Popular Replays
Top Player Replays
Match Explorer
How It Works
Community
CoH3 Stats
Reddit
Sign in to upload your games and track your stats! →
Sign in with Steam
Match 43036258
Unlisted
Match 43036258
Overview
Messages
Build Orders
End
Kettenkrad Recon Vehicle
Construct Infanterie Kompanie
Selects Terror Battlegroup
Selects Machine Gun Camouflage
MG 42 Machine Gun Team
Grenadier Squad
Grenadier Squad
Infanterie Officer Quarters
Construct Panzergrenadier Kompanie
251 Medium Carrier
MG 42 Bunker
Pak 40 Anti-tank Gun Team
Support Elements
Nebelwerfer 42 Rocket Launcher Team
Selects Defend the Fatherland
Selects Interrogate
Medical Bunker
Pioneer Squad
Panzergrenadier Squad
MG 42 Machine Gun Team
Pak 40 Anti-tank Gun Team
Selects Propaganda Leaflet Drop
Nebelwerfer 42 Rocket Launcher Team
Selects V1 Rocket Strike
V1 Rocket Strike
Construct Panzer Kompanie
Panzergrenadier Squad
Selects Defend the Fatherland
jordan.grant1996
Facetiousleek
30196864lw
Bran
DrewP
Dillbro
0
0
Comments
sign in to comment!
No comments posted yet!